[Event "Titled Tuesday Blitz March 14 Late 2023"]
[White "Saravana, Krishnan P."]
[Black "Jenkins, Drake"]
[WhiteFideId "5018382"]
[BlackFideId "2022397"]
[WhiteElo "2189"]
[BlackElo "2239"]
[Result "1-0"]
[Round "08"]
[TimeControl "180+2"]
[Date "2023.03.14"]
[WhiteClock "0:00:55"]
[BlackClock "0:00:28"]

1. e4 c6 2. d4 d5 3. e5 c5 4. Nf3 Nc6 5. c4 Bg4 6. cxd5 Nxd4 7. Nxd4 Bxd1 8. Bb5+ Qd7 9. Kxd1 cxd4 10. Bxd7+ Kxd7 11. Ke2 Rc8 12. Kd3 e6 13. d6 f6 14. f4 Nh6 15. Kxd4 Nf5+ 16. Kd3 h5 17. Nc3 fxe5 18. fxe5 g6 19. Be3 Bg7 20. Bd4 Rc6 21. Rhf1 Rhc8 22. Rad1 Rc4 23. Ne2 Nxd4 24. Rf7+ Kd8 25. Nxd4 Bxe5 26. Nxe6+ Ke8 27. Re7# 1-0


[Site "https://www.chess.com"]

[Event "Titled Tuesday Blitz March 14 Late 2023"]
[White "Luberanski, Jakub"]
[Black "Lopez Perdomo, Juan David"]
[WhiteFideId "21830509"]
[BlackFideId "4405137"]
[WhiteElo "2256"]
[BlackElo "1965"]
[Result "0-1"]
[Round "08"]
[TimeControl "180+2"]
[Date "2023.03.14"]
[WhiteClock "0:01:56"]
[BlackClock "0:01:28"]

1. e4 e6 2. h4 d5 3. e5 c5 4. h5 h6 5. Nf3 Nc6 6. c3 Nge7 7. d4 cxd4 8. cxd4 Qb6 9. Nc3 Nf5 10. Bb5 Bb4 11. Qa4 O-O 0-1


[Site "https://www.chess.com"]

[Event "Titled Tuesday Blitz March 14 Late 2023"]
[White "Dodaro, Mattia"]
[Black "Simonovic, Miroslav"]
[WhiteFideId "28583400"]
[BlackFideId "919152"]
[WhiteElo "2413"]
[BlackElo "2042"]
[Result "1-0"]
[Round "08"]
[TimeControl "180+2"]
[Date "2023.03.14"]
[WhiteClock "0:00:05"]
[BlackClock "0:00:02"]

1. g4 c5 2. Bg2 Nc6 3. c4 g6 4. Nc3 Bg7 5. d3 e5 6. Nf3 Nge7 7. h4 h5 8. g5 d6 9. O-O Be6 10. Ne1 d5 11. cxd5 Nxd5 12. Nc2 Nxc3 13. bxc3 e4 14. Bxe4 Bxc3 15. Rb1 Bh3 16. Rxb7 Qc8 17. Rb5 O-O 18. Rxc5 Qg4+ 19. Kh2 Qxh4 20. Kg1 Bxf1 21. Qxf1 Be5 22. Qg2 Nd4 23. Bxa8 Nxe2+ 24. Kf1 Nxc1 25. Rxe5 Nxd3 26. Re4 Qxf2+ 27. Qxf2 Nxf2 28. Kxf2 Rxa8 29. Ne3 Rb8 30. Nd5 Rb5 31. Nf6+ Kg7 32. Ne8+ Kf8 33. Nd6 Rxg5 34. Rf4 f5 35. a4 Ke7 36. Nc8+ Ke6 37. Nxa7 Ke5 38. Rf3 Rg4 39. a5 Ra4 40. Rg3 h4 41. Rxg6 Kf4 42. Nc6 h3 43. Rh6 Ra2+ 44. Kg1 1-0


[Site "https://www.chess.com"]

[Event "Titled Tuesday Blitz March 14 Late 2023"]
[White "Sarkar, Justin"]
[Black "Torres Dominguez, David"]
[WhiteFideId "2010011"]
[BlackFideId "2220857"]
[WhiteElo "2189"]
[BlackElo "1999"]
[Result "0-1"]
[Round "08"]
[TimeControl "180+2"]
[Date "2023.03.14"]
[WhiteClock "0:00:01"]
[BlackClock "0:00:46"]

1. d4 e5 2. dxe5 d6 3. Nf3 Bg4 4. Bg5 Qd7 5. exd6 Bxd6 6. Nc3 Nc6 7. Qd2 f6 8. Bf4 O-O-O 9. Bxd6 Bxf3 10. exf3 Qe6+ 11. Qe3 Rxd6 12. Qxe6+ Rxe6+ 13. Be2 Nd4 14. Kd2 Nh6 15. Bd3 Rd8 16. Rae1 Red6 17. Kc1 g6 18. Re7 R6d7 19. Rhe1 Nhf5 20. Rxd7 Rxd7 21. Re8+ Rd8 22. Rxd8+ Kxd8 23. Nd5 Nh4 24. Bf1 f5 25. f4 c6 26. Ne3 Ne6 27. g3 Nf3 28. h4 Nfd4 29. c3 Nb5 30. h5 Nd6 31. hxg6 hxg6 32. Bd3 Ke7 33. f3 Kf6 34. Kd2 Nc5 35. Be2 Na4 36. Kc2 Nb6 37. b3 Nd7 38. Nc4 Nxc4 0-1


[Site "https://www.chess.com"]

[Event "Titled Tuesday Blitz March 14 Late 2023"]
[White "Hartikainen, Jarmo"]
[Black "Smith, Garrett L"]
[WhiteFideId "503134"]
[BlackFideId "2024829"]
[WhiteElo "2176"]
[BlackElo "2276"]
[Result "0-1"]
[Round "08"]
[TimeControl "180+2"]
[Date "2023.03.14"]
[WhiteClock "0:00:02"]
[BlackClock "0:00:11"]

1. e4 c5 2. c3 d5 3. exd5 Qxd5 4. d4 Nc6 5. Nf3 Bf5 6. Na3 cxd4 7. Nb5 O-O-O 8. cxd4 e5 9. Be3 Bb4+ 10. Bd2 Bxd2+ 11. Qxd2 exd4 12. Rc1 Kb8 13. Bd3 Re8+ 14. Kf1 Bxd3+ 15. Qxd3 Rd8 16. h4 Nf6 17. Rh3 Rhe8 18. Rg3 g6 19. Rg5 Qxa2 20. Rgc5 a6 21. Rxc6 bxc6 22. Nbxd4 Qd5 23. Qxa6 Rd6 24. Rc3 Kc7 25. Qa7+ Kd8 26. Rb3 Rd7 27. Qb8+ Ke7 28. Re3+ Kf8 29. Rxe8+ Nxe8 30. Qb6 c5 31. Nb3 Qd1+ 32. Ne1 Qd5 33. Qxc5+ Qxc5 34. Nxc5 Rc7 35. b4 Nf6 36. Ned3 Nd5 37. Ke2 Nxb4 38. Nxb4 Rxc5 39. Nd3 Ra5 40. Ke3 Ra2 41. g3 Ra3 42. f3 Kg7 43. Ke4 Ra1 44. Nf4 Ra8 45. Nd3 Re8+ 46. Kf4 h6 47. Nf2 Ra8 48. Ne4 Ra4 49. g4 f6 50. Ke3 Kf7 51. g5 Ra3+ 52. Kf4 fxg5+ 53. hxg5 h5 54. Kg3 Ra4 55. Nf2 Ke6 56. Ne4 Kf5 57. f4 Rxe4 0-1


[Site "https://www.chess.com"]

[Event "Titled Tuesday Blitz March 14 Late 2023"]
[White "Bogaudinov, Rushan"]
[Black "Comas Fabrego, Lluis"]
[WhiteFideId "4129288"]
[BlackFideId "2200325"]
[WhiteElo "1949"]
[BlackElo "2523"]
[Result "1-0"]
[Round "08"]
[TimeControl "180+2"]
[Date "2023.03.14"]
[WhiteClock "0:01:59"]
[BlackClock "0:00:37"]

1. e4 c5 2. Nf3 d6 3. d4 cxd4 4. Nxd4 Nf6 5. Nc3 g6 6. Be3 Bg7 7. f3 O-O 8. Qd2 Nc6 9. O-O-O d5 10. h4 dxe4 11. Nxc6 Qxd2+ 12. Rxd2 bxc6 13. fxe4 Be6 14. Be2 Ng4 15. Bc5 Rfe8 16. Bxg4 Bxg4 17. Be3 Be6 18. Ne2 a5 19. a3 Rab8 20. c3 Bc4 21. h5 Rb7 22. h6 Bf6 23. Nd4 Bb5 24. Nf3 Rc8 25. e5 Bh8 26. Rhd1 Rbb8 27. Ba7 Ra8 28. Bc5 Re8 29. Rd7 Be2 30. Re1 Bxf3 31. gxf3 Rad8 32. Rxd8 Rxd8 33. Bxe7 Rd5 34. f4 Rd3 35. Rd1 Rd2 36. Rxd2 1-0


[Site "https://www.chess.com"]

[Event "Titled Tuesday Blitz March 14 Late 2023"]
[White "Gamage, Wanshini Vidusama"]
[Black "Tarnowska, Aleksandra"]
[WhiteFideId "9953752"]
[BlackFideId "1180967"]
[WhiteElo "2264"]
[BlackElo "1776"]
[Result "1/2-1/2"]
[Round "08"]
[TimeControl "180+2"]
[Date "2023.03.14"]
[WhiteClock "0:00:35"]
[BlackClock "0:00:06"]

1. e4 c5 2. Nf3 e6 3. d4 cxd4 4. Nxd4 a6 5. c4 Qc7 6. Nc3 Bb4 7. Qc2 Nf6 8. Bd3 Nc6 9. Be3 Ne5 10. a3 Bxc3+ 11. Qxc3 Nxd3+ 12. Qxd3 O-O 13. O-O Ng4 14. Nf3 Nxe3 15. fxe3 Rb8 16. e5 h6 17. Rac1 Rd8 18. Qd6 Qxd6 19. exd6 b6 20. b4 Bb7 21. c5 bxc5 22. Rxc5 Bxf3 23. gxf3 Rb6 24. Rd1 f6 25. f4 Kf7 26. e4 g5 27. fxg5 hxg5 28. Kg2 e5 29. Kf3 Ke6 30. Kg4 Rxd6 31. Rxd6+ Kxd6 32. Kf5 Ke7 33. Ra5 Rh8 34. Rxa6 Rxh2 35. b5 Rf2+ 36. Kg4 Kd8 37. b6 Kc8 38. Ra7 Rb2 39. Rc7+ Kb8 40. Rxd7 Rxb6 41. Rf7 Ra6 42. Kf5 Kc8 43. a4 Kb8 44. a5 Ka8 45. Rg7 Kb8 46. Kg4 Ka8 47. Rg8+ Kb7 48. Rg6 Kc7 49. Rg7+ Kc6 50. Kf5 Kb5 51. Rd7 Kxa5 52. Rd5+ Kb4 53. Rd7 Kc3 54. Rd5 Rc6 55. Rd7 Kc4 56. Rd5 Kc3 57. Rd8 Ra6 58. Rd5 Ra2 59. Kxf6 g4 60. Rxe5 g3 61. Rg5 g2 62. Kf5 Rf2+ 63. Ke6 Kd3 64. e5 Ke2 65. Kd7 Kf1 66. e6 Rd2+ 67. Ke8 Re2 68. e7 g1=Q 69. Rxg1+ Kxg1 70. Kd8 Rd2+ 71. Kc7 Re2 72. Kd7 Rd2+ 73. Kc7 Re2 74. Kd7 Rd2+ 75. Kc7 1/2-1/2


[Site "https://www.chess.com"]

[Event "Titled Tuesday Blitz March 14 Late 2023"]
[White "Vargas Pereda, Jesus Manue"]
[Black "mestrefeitosa19"]
[WhiteFideId "5115710"]
[WhiteElo "1914"]
[BlackElo "2243"]
[Result "1-0"]
[Round "08"]
[TimeControl "180+2"]
[Date "2023.03.14"]
[WhiteClock "0:00:54"]
[BlackClock "0:00:09"]

1. d4 d5 2. Bf4 e6 3. e3 Nf6 4. Nd2 Be7 5. Ngf3 O-O 6. Bd3 b6 7. Ne5 Bb7 8. Qf3 Nbd7 9. Qh3 Nxe5 10. dxe5 Ne4 11. f3 Bh4+ 12. g3 Ng5 13. Bxg5 Qxg5 14. f4 Qe7 15. Qxh4 Qxh4 16. gxh4 c5 17. Rg1 a5 18. O-O-O Bc6 19. e4 c4 20. exd5 exd5 21. Bf5 b5 22. h5 b4 23. h4 a4 24. h6 g6 25. h5 c3 26. Nb1 cxb2+ 27. Kxb2 Rab8 28. hxg6 fxg6 29. Bxg6 hxg6 30. Rxg6+ Kh8 31. Rxc6 b3 32. axb3 axb3 33. Rxd5 Rxf4 34. cxb3 Rf3 35. Nd2 Rf2 36. Rd7 Re2 37. e6 Re8 38. b4 R8xe6 39. Rxe6 Rxe6 40. b5 Rxh6 41. Kc3 Kg8 42. Kb4 Kf8 43. Nc4 Ke8 44. Rd6 Rh7 45. Kc5 Rh5+ 46. Kc6 Rh4 47. Ne5 Re4 48. Nd7 Rc4+ 49. Nc5 Ke7 50. Rd7+ Ke8 51. Rc7 Kd8 52. b6 Rc1 53. Rd7+ Ke8 54. b7 Rb1 55. Rc7 1-0


[Site "https://www.chess.com"]

[Event "Titled Tuesday Blitz March 14 Late 2023"]
[White "Clawitter, Craig"]
[Black "tandercat"]
[WhiteFideId "2023105"]
[WhiteElo "2239"]
[BlackElo "1935"]
[Result "1-0"]
[Round "08"]
[TimeControl "180+2"]
[Date "2023.03.14"]
[WhiteClock "0:02:45"]
[BlackClock "0:02:48"]

1. e4 c5 2. Nf3 Nc6 3. d4 cxd4 4. Nxd4 e5 5. Nb5 d6 6. N1c3 a6 7. Na3 Be7 8. Nc4 b5 9. Ne3 Nf6 10. Ned5 Nxd5 11. Nxd5 Bg5 12. Bxg5 Qxg5 13. Nc7+ 1-0


[Site "https://www.chess.com"]

[Event "Titled Tuesday Blitz March 14 Late 2023"]
[White "Desideri, Ricardo Maruchi"]
[Black "Antonio, Jorge Carlos"]
[WhiteFideId "2110440"]
[BlackFideId "113190"]
[WhiteElo "1945"]
[BlackElo "2247"]
[Result "0-1"]
[Round "08"]
[TimeControl "180+2"]
[Date "2023.03.14"]
[WhiteClock "0:00:01"]
[BlackClock "0:00:46"]

1. e4 c5 2. Nf3 e6 3. d4 cxd4 4. Nxd4 Nc6 5. Nc3 a6 6. Be3 Nf6 7. f4 Bb4 8. Nxc6 bxc6 9. Bd3 d5 10. e5 Nd7 11. a3 Bc5 12. Bd2 g6 13. h4 h5 14. Na4 Ba7 15. Qe2 c5 16. Bxa6 c4 17. Bb5 O-O 18. g4 Rb8 19. Bxd7 Bxd7 20. Nc3 d4 21. Ne4 Bc6 22. Nf6+ Kg7 23. gxh5 Bxh1 24. O-O-O Bd5 25. hxg6 fxg6 26. h5 d3 27. Rg1 Bxg1 28. Qg4 Rxf6 29. exf6+ Qxf6 30. Qxg1 Qxb2+ 31. Kd1 Qb1+ 32. Bc1 Qxc2+ 0-1


[Site "https://www.chess.com"]

[Event "Titled Tuesday Blitz March 14 Late 2023"]
[White "Elissalt Cardenas, Hector"]
[Black "lisjakzlatko1"]
[WhiteFideId "3500632"]
[WhiteElo "2202"]
[BlackElo "2141"]
[Result "1-0"]
[Round "08"]
[TimeControl "180+2"]
[Date "2023.03.14"]
[WhiteClock "0:00:54"]
[BlackClock "0:00:02"]

1. d4 d6 2. Nf3 Bg4 3. e3 Nd7 4. Be2 e5 5. O-O f5 6. dxe5 dxe5 7. e4 f4 8. h3 Bh5 9. Nc3 c6 10. Nh2 Bf7 11. b3 Ngf6 12. Ng4 Qa5 13. Bb2 O-O-O 14. Qe1 h5 15. Nxf6 gxf6 16. Bf3 Be7 17. Qe2 Rdg8 18. a3 Rg7 19. b4 Qc7 20. b5 Rhg8 21. bxc6 Qxc6 22. Nb5 Kb8 23. a4 Bc4 24. Qd2 Bxf1 25. Rxf1 a6 26. Na3 Nc5 27. Qe2 Qxa4 28. Nc4 Rc8 29. Bxh5 Ne6 30. Bg4 Qxc4 31. Qxc4 Rxc4 32. Bxe6 Rxc2 33. Ba1 Bc5 34. Bb3 Rd2 35. Bd5 f3 36. g4 b5 37. Bc3 Rc2 38. Be1 Bd4 39. Kh2 Rgc7 40. Kg3 1-0


[Site "https://www.chess.com"]

[Event "Titled Tuesday Blitz March 14 Late 2023"]
[White "Floresvillar Gonzalez, Luis Migu"]
[Black "Dorato, Adriano"]
[WhiteFideId "5100542"]
[BlackFideId "2802894"]
[WhiteElo "2040"]
[BlackElo "1709"]
[Result "1-0"]
[Round "08"]
[TimeControl "180+2"]
[Date "2023.03.14"]
[WhiteClock "0:00:40"]
[BlackClock "0:00:01"]

1. e4 c5 2. d4 cxd4 3. c3 Nf6 4. e5 Nd5 5. Nf3 Nc6 6. Bc4 Nb6 7. Bb3 dxc3 8. Nxc3 g6 9. O-O Bg7 10. Qe2 O-O 11. Re1 d6 12. Bf4 dxe5 13. Nxe5 Nxe5 14. Bxe5 Bf5 15. Rad1 Qc8 16. Bxg7 Kxg7 17. Qxe7 Qc6 18. Qe5+ Kg8 19. h3 Rae8 20. Qf4 Rxe1+ 21. Rxe1 Rd8 22. Re7 Qd6 23. Qxd6 Rxd6 24. Bxf7+ Kf8 25. Rxb7 a5 26. Bb3 Nd7 27. Ra7 Nc5 28. Bc4 a4 29. Nxa4 Nxa4 30. Rxa4 Rd1+ 31. Kh2 Rd2 32. g4 Bd7 33. Ra8+ Ke7 34. Kg3 Rxb2 35. Ra7 Rc2 36. Bb5 Rc3+ 37. f3 1-0


[Site "https://www.chess.com"]

[Event "Titled Tuesday Blitz March 14 Late 2023"]
[White "Nakamura, Hikaru"]
[Black "Bortnyk, Olexandr"]
[WhiteFideId "2016192"]
[BlackFideId "14120828"]
[WhiteElo "2879"]
[BlackElo "2734"]
[Result "0-1"]
[Round "09"]
[TimeControl "180+2"]
[Date "2023.03.14"]
[WhiteClock "0:00:03"]
[BlackClock "0:00:37"]

1. e4 Nf6 2. e5 Nd5 3. d4 d6 4. c4 Nb6 5. f4 dxe5 6. fxe5 Bf5 7. Nc3 e6 8. Nf3 Bb4 9. Be2 c5 10. a3 Bxc3+ 11. bxc3 O-O 12. O-O Nc6 13. Bg5 Qd7 14. a4 Na5 15. dxc5 Qxd1 16. Rfxd1 Nbxc4 17. Nd4 Be4 18. Be7 Rfc8 19. Bd6 Ne3 20. Rd2 Nxg2 21. c4 Ne3 22. Rc1 Nf5 23. Nxf5 exf5 24. Rb2 a6 25. Kf2 h6 26. h4 Re8 27. Rg1 g6 28. Bc7 Nc6 29. Rxb7 Re7 30. e6 Rc8 31. Rb6 Rcxc7 32. exf7+ Kxf7 33. Rxa6 Ne5 34. h5 Rxc5 35. hxg6+ Kg7 36. a5 Nxc4 37. Rc1 Rec7 38. Ra1 f4 39. Re6 Bd5 40. Ra6 Ne5 41. Rd6 Be4 42. a6 Rc2 43. Ke1 f3 44. Bf1 f2+ 45. Kd1 Bf3+ 0-1


[Site "https://www.chess.com"]

[Event "Titled Tuesday Blitz March 14 Late 2023"]
[White "Erigaisi Arjun"]
[Black "Khismatullin, Denis"]
[WhiteFideId "35009192"]
[BlackFideId "4142578"]
[WhiteElo "2737"]
[BlackElo "2531"]
[Result "1-0"]
[Round "09"]
[TimeControl "180+2"]
[Date "2023.03.14"]
[WhiteClock "0:01:24"]
[BlackClock "0:00:37"]

1. c4 Nf6 2. Nc3 c5 3. g3 d5 4. cxd5 Nxd5 5. Bg2 Nc7 6. Nf3 Nc6 7. O-O e5 8. a3 f6 9. Rb1 Rb8 10. d3 Be6 11. Be3 Qd7 12. Qa4 b5 13. Qc2 Nd4 14. Bxd4 cxd4 15. Ne4 Na6 16. Rfc1 Be7 17. Nxf6+ Bxf6 18. Nxe5 Qd6 19. Qc6+ Qxc6 20. Rxc6 Ke7 21. Rxa6 Bxe5 22. Rc1 Rhc8 23. Rxe6+ Kxe6 24. Bh3+ Kd6 25. Bxc8 Rxc8 26. Rxc8 1-0


[Site "https://www.chess.com"]

[Event "Titled Tuesday Blitz March 14 Late 2023"]
[White "Duda, Jan-Krzysztof"]
[Black "Ibarra Jerez, Jose Carlos"]
[WhiteFideId "1170546"]
[BlackFideId "2226332"]
[WhiteElo "2790"]
[BlackElo "2638"]
[Result "1-0"]
[Round "09"]
[TimeControl "180+2"]
[Date "2023.03.14"]
[WhiteClock "0:00:05"]
[BlackClock "0:00:01"]

1. e4 c5 2. Nf3 e6 3. d4 cxd4 4. Nxd4 Bc5 5. Na3 a6 6. Nb3 Ba7 7. Bd3 Ne7 8. O-O O-O 9. c4 f5 10. exf5 Nxf5 11. Nc2 Nc6 12. Bxf5 Rxf5 13. Be3 Bb8 14. Ncd4 Nxd4 15. Nxd4 Rf8 16. Qh5 b5 17. Rad1 Qf6 18. c5 Bb7 19. Rd2 Bd5 20. Rfd1 Bc7 21. Ne2 Qf5 22. Qxf5 Rxf5 23. Nc3 Bc6 24. f3 Ba5 25. Rc2 Bxc3 26. Rxc3 Bd5 27. Ra3 b4 28. Ra5 Rff8 29. Rd4 Rfb8 30. Bd2 b3 31. a3 Rb5 32. Rxb5 axb5 33. Bb4 Kf7 34. Kf2 g5 35. h4 h6 36. hxg5 hxg5 37. Bd2 Rg8 38. Rg4 Kf6 39. Ke2 Kf5 40. Kd3 e5 41. Kc3 Bc4 42. Kb4 Kf6 43. a4 Be6 44. axb5 Bxg4 45. fxg4 e4 46. Kxb3 Ke5 47. Kc4 Ra8 48. Bxg5 Ra1 49. Bd2 Rd1 50. Bc3+ Ke6 51. b6 d5+ 52. Kb5 d4 53. b7 dxc3 54. b8=Q cxb2 55. Qe8+ Kf6 56. Qh8+ Kg5 57. Qxb2 Rd3 58. Qe5+ Kxg4 59. Qxe4+ 1-0


[Site "https://www.chess.com"]

[Event "Titled Tuesday Blitz March 14 Late 2023"]
[White "Naroditsky, Daniel"]
[Black "Daneshvar, Bardiya"]
[WhiteFideId "2026961"]
[BlackFideId "12576468"]
[WhiteElo "2633"]
[BlackElo "2468"]
[Result "1/2-1/2"]
[Round "09"]
[TimeControl "180+2"]
[Date "2023.03.14"]
[WhiteClock "0:00:05"]
[BlackClock "0:00:24"]

1. d4 e6 2. e4 d5 3. Nd2 c5 4. Ngf3 Nf6 5. e5 Nfd7 6. c3 Nc6 7. Bd3 Be7 8. O-O a5 9. Qe2 cxd4 10. cxd4 Qb6 11. Qe3 Nb4 12. Bb1 Qc6 13. a3 Nc2 14. Bxc2 Qxc2 15. Ne1 Qg6 16. Nd3 b6 17. Nf4 Qf5 18. Nf3 h5 19. h4 Nf8 20. Bd2 Ng6 21. Nxg6 Qxg6 22. Rfc1 Bd8 23. Rc3 Bd7 24. Rac1 O-O 25. Ng5 Qf5 26. Qe2 Qg4 27. Qd3 Bxg5 28. Bxg5 Rfc8 29. Rc7 Rxc7 30. Rxc7 Be8 31. Kh2 Qe4 32. Qxe4 dxe4 33. Kg3 Ba4 34. Kf4 Bb3 35. Rb7 Rc8 36. Rxb6 a4 37. Kxe4 Rc2 38. Be3 Rxb2 39. Kf4 1/2-1/2


[Site "https://www.chess.com"]

[Event "Titled Tuesday Blitz March 14 Late 2023"]
[White "Kramnik, Vladimir"]
[Black "Bluebaum, Matthias"]
[WhiteFideId "4101588"]
[BlackFideId "24651516"]
[WhiteElo "2712"]
[BlackElo "2638"]
[Result "0-1"]
[Round "09"]
[TimeControl "180+2"]
[Date "2023.03.14"]
[WhiteClock "0:00:03"]
[BlackClock "0:00:30"]

1. c4 e6 2. Nf3 d5 3. e3 Nf6 4. Nc3 Bd6 5. d4 O-O 6. b3 b6 7. Bb2 a6 8. cxd5 exd5 9. g3 Bb7 10. Bg2 Re8 11. O-O Nbd7 12. Rc1 Rc8 13. Rc2 Nf8 14. Qc1 Ne6 15. Ba3 h6 16. Rd1 Qe7 17. Bxd6 Qxd6 18. Ne2 c5 19. dxc5 bxc5 20. Qa3 Qb6 21. Ne5 Qc7 22. Nd3 d4 23. exd4 Bxg2 24. Kxg2 Qb7+ 25. f3 Ng5 26. Ng1 Ng4 27. Qc1 Ne3+ 28. Kf2 Nxc2 29. Nxc5 Nb4 30. a3 Rxc5 31. dxc5 Nc6 32. b4 Ne5 33. Qf4 Qc6 34. h4 Qa4 35. Rd2 Nexf3 36. Re2 Rxe2+ 0-1


[Site "https://www.chess.com"]

[Event "Titled Tuesday Blitz March 14 Late 2023"]
[White "Ruiz Castillo, Joshua Daniel"]
[Black "Svane, Rasmus"]
[WhiteFideId "4400704"]
[BlackFideId "4657101"]
[WhiteElo "2491"]
[BlackElo "2597"]
[Result "0-1"]
[Round "09"]
[TimeControl "180+2"]
[Date "2023.03.14"]
[WhiteClock "0:00:02"]
[BlackClock "0:00:15"]

1. b3 e5 2. Bb2 Nc6 3. Nf3 e4 4. Nd4 Nf6 5. c4 Bc5 6. Nf5 O-O 7. e3 d5 8. cxd5 Qxd5 9. Ng3 Ne5 10. Nc3 Nd3+ 11. Bxd3 Qxd3 12. Qb1 Qxb1+ 13. Rxb1 Re8 14. Rc1 Bb6 15. Na4 Nd5 16. a3 Bd7 17. Nc5 Bc6 18. Ncxe4 Nf4 19. exf4 Bxe4 20. O-O Bd3 21. Rfe1 f6 22. Nf1 Rxe1 23. Rxe1 Rd8 24. Bc3 Kf7 25. Ne3 c6 26. f3 Bc5 27. b4 Bd6 28. g3 h5 29. h4 a5 30. Kf2 axb4 31. Bxb4 c5 32. Bc3 Ra8 33. Ra1 b5 34. Bb2 Ke6 35. Re1 Kd7 36. Nd5 Ra6 37. Nc3 b4 38. axb4 cxb4 39. Nd5 Ra2 40. Bd4 b3 41. Ke3 Bc2 42. Nc3 Ra8 43. Nb5 Bb4 44. Bb2 Re8+ 45. Kf2 Bxd2 46. Rxe8 Kxe8 47. Ke2 Bb4 48. Nd4 Kd7 0-1


[Site "https://www.chess.com"]

[Event "Titled Tuesday Blitz March 14 Late 2023"]
[White "Dubov, Daniil"]
[Black "Steinberg, Nitzan"]
[WhiteFideId "24126055"]
[BlackFideId "2801795"]
[WhiteElo "2802"]
[BlackElo "2486"]
[Result "1-0"]
[Round "09"]
[TimeControl "180+2"]
[Date "2023.03.14"]
[WhiteClock "0:00:18"]
[BlackClock "0:00:29"]

1. d4 d5 2. c4 c6 3. Nf3 Nf6 4. Nc3 e6 5. g3 Nbd7 6. Bg2 Be7 7. O-O O-O 8. b3 b6 9. Qd3 a5 10. e4 Ba6 11. e5 Ne8 12. h4 h6 13. Rd1 Nc7 14. Bf4 b5 15. cxb5 cxb5 16. Qe3 b4 17. Ne2 Nb5 18. Bxh6 Na3 19. Rd2 Rc8 20. Qf4 gxh6 21. Qxh6 Bxe2 22. Rxe2 Re8 23. Bf1 Bf8 24. Qh5 Qe7 25. Rae1 Rc3 26. Ng5 f6 27. Qg6+ Qg7 28. Qxe8 fxg5 29. Bh3 Kh8 30. Bxe6 Nb6 31. hxg5 Nc2 32. Kg2 Nxe1+ 33. Rxe1 Qe7 34. Qg6 1-0


[Site "https://www.chess.com"]

[Event "Titled Tuesday Blitz March 14 Late 2023"]
[White "Caruana, Fabiano"]
[Black "Kamsky, Gata"]
[WhiteFideId "2020009"]
[BlackFideId "2000024"]
[WhiteElo "2818"]
[BlackElo "2666"]
[Result "1-0"]
[Round "09"]
[TimeControl "180+2"]
[Date "2023.03.14"]
[WhiteClock "0:00:26"]
[BlackClock "0:00:01"]

1. d4 d5 2. c4 c6 3. Nf3 Nf6 4. Nc3 a6 5. e3 Bf5 6. Qb3 b5 7. c5 a5 8. Nh4 Bc8 9. Be2 g6 10. O-O Bg7 11. f4 Bf5 12. Qd1 h5 13. Nxf5 gxf5 14. Bd2 e6 15. a3 Na6 16. b4 axb4 17. axb4 Nc7 18. Ra5 Rxa5 19. bxa5 Ne4 20. Na2 Kd7 21. Nb4 Qa8 22. Be1 h4 23. Bd3 Qb7 24. Rf3 Bf6 25. Rh3 Qa8 26. Nc2 Qg8 27. Bd2 Qg7 28. Ne1 Bxd4 29. exd4 Qxd4+ 30. Be3 Qa4 31. Qc1 Qxa5 32. Nf3 f6 33. Rxh4 Rxh4 34. Nxh4 b4 35. Nf3 Nb5 36. Bxb5 Qxb5 37. Bd4 Ke7 38. h4 Kf7 39. Kh2 Kg6 40. Qa1 b3 41. Qa8 Kf7 42. Qa7+ Ke8 43. Qa1 Kf7 44. h5 1-0


[Site "https://www.chess.com"]

[Event "Titled Tuesday Blitz March 14 Late 2023"]
[White "Kozak, Adam"]
[Black "Lazavik, Denis"]
[WhiteFideId "753246"]
[BlackFideId "13515110"]
[WhiteElo "2469"]
[BlackElo "2560"]
[Result "0-1"]
[Round "09"]
[TimeControl "180+2"]
[Date "2023.03.14"]
[WhiteClock "0:00:10"]
[BlackClock "0:00:38"]

1. d4 Nf6 2. c4 e6 3. Nc3 Bb4 4. e3 O-O 5. Bd3 c5 6. Ne2 cxd4 7. exd4 d5 8. cxd5 Nxd5 9. O-O Nc6 10. a3 Bd6 11. Re1 Qh4 12. g3 Qh5 13. Nxd5 exd5 14. Bf4 Be7 15. Qd2 Bh3 16. Be3 Bd6 17. Nc3 Qf3 18. Bf1 Bxf1 19. Rxf1 Rfe8 20. Qd1 Qxd1 21. Rfxd1 Ne7 22. Nb5 Bb8 23. Rac1 Nc6 24. Rc5 Rd8 25. Re1 f6 26. Nc3 Ne7 27. Rb5 Rd7 28. Na4 b6 29. Bd2 Kf7 30. Bb4 Nc6 31. Nc3 a5 32. Bxa5 Nxd4 33. Rxb6 Nf3+ 34. Kf1 Nxe1 35. Kxe1 Bc7 36. Rb7 Rxa5 37. b4 Rxa3 38. Nb5 Re7+ 39. Kf1 Ra1+ 40. Kg2 Be5 41. Rb6 d4 0-1


[Site "https://www.chess.com"]

[Event "Titled Tuesday Blitz March 14 Late 2023"]
[White "Sarana, Alexey"]
[Black "Hansen, Eric"]
[WhiteFideId "24133795"]
[BlackFideId "2606771"]
[WhiteElo "2714"]
[BlackElo "2569"]
[Result "1-0"]
[Round "09"]
[TimeControl "180+2"]
[Date "2023.03.14"]
[WhiteClock "0:00:26"]
[BlackClock "0:00:01"]

1. c4 e5 2. Nf3 Nc6 3. g3 Bc5 4. Nc3 d6 5. Bg2 a6 6. e3 Ba7 7. h3 Nge7 8. d4 O-O 9. O-O exd4 10. exd4 Nf5 11. d5 Ne5 12. Nxe5 dxe5 13. Qd3 Nd6 14. Be3 Bf5 15. Qe2 Bd4 16. c5 Bxc3 17. bxc3 Ne4 18. Qb2 Qxd5 19. c4 Qe6 20. Qxb7 Rab8 21. Qxc7 Nc3 22. Qa5 Ne2+ 23. Kh2 Bd3 24. Rfe1 Rb2 25. Rad1 e4 26. c6 Qxc4 27. c7 Rxa2 28. Qe5 f6 29. Qd6 Rc2 30. Rxd3 Qxd3 31. Qe6+ Kh8 32. Bxe4 1-0


[Site "https://www.chess.com"]

[Event "Titled Tuesday Blitz March 14 Late 2023"]
[White "Nesterov, Arseniy"]
[Black "Deac, Bogdan-Daniel"]
[WhiteFideId "24198455"]
[BlackFideId "1226380"]
[WhiteElo "2491"]
[BlackElo "2649"]
[Result "1/2-1/2"]
[Round "09"]
[TimeControl "180+2"]
[Date "2023.03.14"]
[WhiteClock "0:00:04"]
[BlackClock "0:00:03"]

1. d4 Nf6 2. c4 e6 3. Nf3 d5 4. Nc3 Nbd7 5. cxd5 exd5 6. Bg5 h6 7. Bh4 c6 8. e3 g5 9. Bg3 Nh5 10. Bd3 Nxg3 11. hxg3 Bg7 12. Bc2 Qe7 13. Qd3 Nb6 14. O-O-O Be6 15. Ne5 O-O-O 16. f4 Kb8 17. Kb1 Rhe8 18. Rdf1 f6 19. Nf3 Bg4 20. Re1 Nc4 21. e4 Qb4 22. Bb3 dxe4 23. Nxe4 Bxf3 24. gxf3 Rxd4 25. Qc3 Na5 26. Qxb4 Rxb4 27. Nd6 Rd8 28. Re8 Kc7 29. Rxd8 Kxd8 30. Nf5 Nxb3 31. axb3 Bf8 32. Rd1+ Kc7 33. Kc2 h5 34. fxg5 fxg5 35. Rh1 Rb5 36. Nd4 Rc5+ 37. Kb1 Re5 38. Rxh5 Bc5 39. Rh7+ Kb6 40. Nc2 Rf5 41. b4 Bf2 42. f4 gxf4 43. gxf4 Rxf4 44. Ka2 a6 45. b3 Bg3 46. Ka3 Rf6 47. Ne3 Rf2 48. Nc4+ Ka7 49. Na5 Kb8 50. Rxb7+ Kc8 51. Rb6 Rf1 52. Rxc6+ Kd7 53. Rc2 Be5 54. Nc4 Bf6 55. Rd2+ Kc6 56. Na5+ Kc7 57. Rc2+ Kb6 58. Nc4+ Kb5 59. Nd6+ Kb6 60. Nc4+ Kb5 61. Nd6+ Kb6 62. Nc4+ 1/2-1/2


[Site "https://www.chess.com"]

[Event "Titled Tuesday Blitz March 14 Late 2023"]
[White "Pranav, V"]
[Black "Oro, Faustino"]
[WhiteFideId "25060783"]
[BlackFideId "20000197"]
[WhiteElo "2500"]
[BlackElo "1984"]
[Result "1-0"]
[Round "09"]
[TimeControl "180+2"]
[Date "2023.03.14"]
[WhiteClock "0:00:30"]
[BlackClock "0:00:04"]

1. e4 e5 2. Nf3 Nc6 3. Bb5 a6 4. Ba4 Nf6 5. O-O b5 6. Bb3 Be7 7. d3 O-O 8. Nc3 d6 9. a3 Bg4 10. Be3 Nd4 11. Bxd4 exd4 12. Nd5 c5 13. h3 Bh5 14. Nxf6+ Bxf6 15. g4 Bg6 16. Bd5 Rb8 17. Kg2 Be5 18. h4 h6 19. h5 Bh7 20. b4 Bf4 21. Ng1 Qf6 22. Nh3 Rfc8 23. Ra2 c4 24. Qf3 Bd2 25. Qg3 a5 26. f4 Kh8 27. g5 Qe7 28. bxa5 Bxa5 29. Rb2 Bc3 30. Rbb1 cxd3 31. cxd3 Bg8 32. Kh1 Bd2 33. Rg1 Qf8 34. Qh4 Qd8 35. Qg4 Qf8 36. Qf5 Be3 37. gxh6 Bxg1 38. Rxg1 gxh6 39. Qf6+ Kh7 40. e5 1-0


[Site "https://www.chess.com"]